 Dungeon Crawl Stone Soup version 0.17-a0-1481-gfdcec5c (webtiles) character file.

1745 Fluffy the Grave Robber (level 8, -3/63 HPs)
             Began as a Mummy Necromancer on July 4, 2015.
             Was a Believer of Makhleb.
             Slain by Oddysee's ghost (25 damage)
             ... on level 8 of the Dungeon.
             The game lasted 00:26:26 (8078 turns).

Fluffy the Grave Robber (Mummy Necromancer)         Turns: 8078, Time: 00:26:26

Health: -3/63      AC: 11    Str: 12    XL:     8   Next: 77%
Magic:  20/20      EV:  5    Int: 16    God:    Makhleb [**....]
Gold:   318        SH:  0    Dex: 12    Spells: 2 memorised, 9 levels left

rFire  x . .     SeeInvis .     n - +2 quarterstaff (chaos)
rCold  + . .     Clarity  .     h - +0 ring mail
rNeg   + + +     SustAt   .     (no shield)
rPois  ∞         Gourm    .     (no helmet)
rElec  .         Spirit   .     d - +0 cloak
rCorr  .         Warding  .     r - +0 pair of gloves
rMut   .         Stasis   .     v - +0 pair of boots
MR     +....                    (no amulet)
Stlth  +.........               q - +2 ring of protection
                                o - ring of magical power

@: somewhat resistant to hostile enchantments, very unstealthy
A: no food or potions, fire vulnerability, cold resistance 1, negative energy
resistance 3, torment resistance, unbreathing
a: Minor Destruction, Renounce Religion


You were on level 8 of the Dungeon.
You worshipped Makhleb.
Makhleb was pleased with you.
You were not hungry.

You visited 2 branches of the dungeon, and saw 9 of its levels.

You collected 318 gold pieces.

Inventory:

Hand weapons
 n - a +2 quarterstaff of chaos (weapon)
 x - a +2 long sword of slicing
Armour
 d - a +0 cloak (worn)
 h - a +0 ring mail (worn)
 r - a +0 pair of gloves (worn)
 v - a +0 pair of boots (worn)
Jewellery
 o - a ring of magical power (left hand)
 q - a +2 ring of protection (right hand)
Magical devices
 a - a wand of disintegration (11)
 c - a wand of paralysis (6)
 l - a wand of frost (36)
 s - a wand of confusion (23)
Scrolls
 e - a scroll of recharging
 f - 4 scrolls of remove curse
 g - 2 scrolls of blinking
 i - 3 scrolls of magic mapping
 j - a scroll of enchant weapon
 k - a scroll of teleportation
 m - a scroll of enchant armour
 p - a scroll of noise {unknown}
 t - a scroll of torment {unknown}
 u - a scroll of fear {unknown}
 w - a scroll of fog {unknown}
Books
 b - a book of Necromancy

   Spells                             Type                      Level
   a - Pain                           Necromancy                   1
   b - Animate Skeleton               Necromancy                   1
   c - Vampiric Draining              Necromancy                   3
   d - Regeneration                   Charms/Necromancy            3
   e - Animate Dead                   Necromancy                   4
   f - Control Undead                 Necromancy                   4


   Skills:
 - Level 5.4 Fighting
 - Level 4.0 Armour
 - Level 1.5 Dodging
 - Level 1.5 Stealth
 - Level 2.0 Spellcasting
 + Level 7.3 Necromancy
 + Level 5.0 Invocations


You had 9 spell levels left.
You knew the following spells:

 Your Spells              Type           Power        Failure   Level  Hunger
a - Pain                  Necr           ####         2%          1    N/A
b - Animate Skeleton      Necr           N/A          2%          1    N/A

Dungeon Overview and Level Annotations

Branches:
Dungeon (8/15)             Temple (1/1) D:4
   Lair: D:8-11

Altars:
Ashenzari
Cheibriados
Dithmenos
Fedhas
Kikubaaqudgha
Makhleb
Okawaru
Qazlal
Ru
Sif Muna
Vehumet
Xom
Yredelemnul
Zin
The Shining One

Annotations:
D:8 Oddysee's ghost, experienced TrMo


Innate Abilities, Weirdness & Mutations

You do not eat or drink.
Your flesh is vulnerable to fire.
You are immune to poison.
Your flesh is cold resistant.
You are immune to negative energy.
You are immune to unholy pain and torment.
You can survive without breathing.


Message History

You start resting.
HP restored.
You climb downwards.
Level annotation: Oddysee's ghost, experienced TrMo Oddysee's ghost closely misses you.
Oddysee's ghost says very slowly, "There's no hope."
Oddysee's ghost closely misses you.
There is a stone staircase leading up here.
You sock Oddysee's ghost! You burn Oddysee's ghost.
Oddysee's ghost is lightly damaged.
Oddysee's ghost hits you but does no damage.
You hit Oddysee's ghost.
Oddysee's ghost is lightly damaged.
Oddysee's ghost hits you!
You barely miss Oddysee's ghost.
Oddysee's ghost is lightly damaged.
Oddysee's ghost screams, "You will join me soon!"
Oddysee's ghost closely misses you. Oddysee's ghost hits you!!
Oddysee's ghost hits you!!
You die...

#########
####.......## .
#.#.........# ..
#....@W....##...
##..#.##......(.
##.............
##.##...##....
#.......# ...
###...###.# ..
##...#.# #.#
##!.###.# #.#
##..## #.# #.#


You could see Oddysee's ghost.

Vanquished Creatures
  Grinder (D:3)
  A hippogriff (D:8)
  An ice beast (D:7)
  An ogre (D:8)
  A phantom (D:5)
  2 giant frogs
  A wight (D:7)
  3 crimson imps
  A jelly (D:6)
  A giant frog zombie (D:5)
  A giant frog skeleton (D:5)
  Crazy Yiuf (D:2)
  3 orc priests
  3 hounds
  2 iguanas (D:5)
  3 orc wizards
  Jessica (D:2)
  Terence (D:2)
  Natasha (twice) (D:2)
  2 worker ants
  A hound skeleton (D:4)
  4 adders
  5 gnolls
  3 river rats (D:5)
  2 oozes
  An adder skeleton (D:6)
  2 worms
  A giant gecko (D:1)
  12 orcs
  A bat zombie (D:5)
  3 giant cockroaches
  8 goblins
  11 hobgoblins
  7 jackals
  A quokka (D:4)
  12 bats
  A giant gecko skeleton (D:4)
  2 giant newts
  10 kobolds
  9 rats
  A butterfly (D:4)
129 creatures vanquished.

Vanquished Creatures (collateral kills)
  A scorpion (D:4)
  A hound (D:4)
  A river rat (D:5)
  An adder (D:7)
  2 goblins
  A hobgoblin (D:4)
  A quokka (D:4)
  A bat (D:5)
  A giant newt (D:4)
  3 butterflies (D:4)
13 creatures vanquished.

Grand Total: 142 creatures vanquished

Notes
Turn   | Place    | Note
--------------------------------------------------------------
     0 | D:1      | Fluffy the Mummy Necromancer began the quest for the Orb.
     0 | D:1      | Reached XP level 1. HP: 13/13 MP: 3/3
   181 | D:1      | Reached skill level 1 in Fighting
   443 | D:1      | Reached XP level 2. HP: 21/21 MP: 0/5
   527 | D:1      | Learned a level 1 spell: Animate Skeleton
  1690 | D:2      | Reached XP level 3. HP: 8/28 MP: 0/6
  1916 | D:2      | Reached skill level 1 in Armour
  2199 | D:2      | Noticed Terence
  2219 | D:2      | Killed Terence
  2219 | D:2      | Reached XP level 4. HP: 7/35 MP: 0/7
  2509 | D:2      | Noticed Crazy Yiuf
  2519 | D:2      | Killed Crazy Yiuf
  2655 | D:2      | Found a glowing silver altar of Zin.
  2682 | D:2      | Noticed Jessica
  2696 | D:2      | Killed Jessica
  2790 | D:2      | Noticed Natasha
  2806 | D:2      | Killed Natasha
  2806 | D:2      | Reached XP level 5. HP: 34/42 MP: 0/8
  3077 | D:2      | Noticed Natasha
  3083 | D:2      | Killed Natasha
  3240 | D:2      | Your ally Natasha died
  3384 | D:3      | Noticed Grinder
  3392 | D:3      | Paralysed by Grinder for 3 turns
  3412 | D:3      | Killed Grinder
  3412 | D:3      | Reached XP level 6. HP: 10/50 MP: 8/9
  3669 | D:3      | You fall through a shaft for 2 floors!
  3669 | D:5      | Entered Level 5 of the Dungeon
  3702 | D:5      | Reached skill level 5 in Fighting
  4183 | D:4      | Found a sacrificial altar of Ru.
  4364 | D:4      | Reached XP level 7. HP: 56/56 MP: 10/10
  4706 | D:4      | Found a staircase to the Ecumenical Temple.
  4711 | Temple   | Entered the Ecumenical Temple
  4731 | Temple   | Became a worshipper of Makhleb the Destroyer
  5203 | D:5      | Reached skill level 1 in Invocations
  5223 | D:5      | Reached skill level 5 in Necromancy
  5545 | D:5      | Acquired Makhleb's first power
  5939 | D:6      | Reached XP level 8. HP: 50/63 MP: 11/11
  6020 | D:6      | Found a snail-covered altar of Cheibriados.
  6669 | D:7      | Reached skill level 6 in Necromancy
  6769 | D:7      | Found a radiant altar of Vehumet.
  6928 | D:7      | Acquired Makhleb's second power
  7267 | D:8      | Noticed Oddysee's ghost (experienced TrMo)
  7775 | D:8      | Reached skill level 7 in Necromancy
  7866 | D:8      | Reached skill level 5 in Invocations
  8078 | D:8      | Slain by Oddysee's ghost

Vault maps used:
D:1:      lemuel_arrival_funnel
D:2:      nicolae_overflow_hidden_temple, minmay_tree_intersection,
          kennysheep_generic_room_11, uniq_crazy_yiuf_cottage, uniq_natasha,
          uniq_jessica, uniq_terence
D:3:      overflow_temple_1_default, nicolae_tso_swordbearing_angel,
          uniq_grinder
D:4:      kennysheep_big_flooded_room, kennysheep_little_box,
          minmay_temple_entry_butterflies, minmay_small_thing
D:5:      wad_woods_tower, first_bread
D:6:      basic_altar
D:7:      lemuel_crystal_altar
D:8:      old_standard_altar
Temple:   circular_temple_12

Action                   |  1- 3 |  4- 6 |  7- 9 || total
-------------------------+-------+-------+-------++-------
Melee: Mace              |    33 |    24 |       ||    57
       Quarterstaff      |       |    68 |   228 ||   296
       Long sword        |       |       |    26 ||    26
 Cast: Pain              |    57 |    30 |    49 ||   136
       Animate Skeleton  |     1 |     3 |    19 ||    23
Invok: Minor Destruction |       |       |     3 ||     3
  Use: Scroll            |       |     3 |     7 ||    10
 Stab: Paralysed         |       |     2 |     3 ||     5
       Petrified         |       |     2 |       ||     2
       Confused          |       |     1 |     2 ||     3
